 Dungeon Crawl Stone Soup version 0.31-a0-1308-ga3cce3a448 (webtiles) character file.

Game seed: 1994657574766028220

540 Sobieck the Magician (level 7, 0/36 HPs)
             Began as a Deep Elf Conjurer on Dec 19, 2023.
             Was a Follower of Vehumet.
             Succumbed to a scorpion's poison
             ... on level 4 of the Dungeon.
             The game lasted 00:05:31 (3788 turns).

Sobieck the Magician (Deep Elf Conjurer)            Turns: 3788, Time: 00:05:33

Health: 0/36       AC:  3    Str:  4    XL:     7   Next: 5%
Magic:  4/18       EV: 12    Int: 25    God:    Vehumet [*.....]
Gold:   170        SH:  0    Dex: 13    Spells: 15/18 levels left

rFire   . . .        (no weapon)
rCold   + . .        (no shield)
rNeg    . . .        p - +0 robe
rPois   .            (no helmet)
rElec   .            j - +0 cloak
rCorr   .            (no gloves)
SInv    .            (no boots)
Will    +....        (no amulet)
Stlth   ++           c - ring of protection from cold
HPRegen 0.26/turn    (no ring)
MPRegen 0.16/turn

%: no passive effects
@: lethally poisoned (0 -> -5), enlightened, flying
A: no striking features
a: Renounce Religion


You were on level 4 of the Dungeon.
You worshipped Vehumet.
Vehumet was aware of your devotion.
You visited 1 branch of the dungeon, and saw 4 of its levels.

You collected 170 gold pieces.

Inventory:

Missiles
 k - 16 poisoned darts
Armour
 j - a +0 cloak (worn)
 m - the +0 ring mail of Etruh {Int+2}
   (You found it on level 3 of the Dungeon)

   Int+2:     It affects your intelligence (+2).
 p - a +0 robe (worn)
Jewellery
 c - a ring of protection from cold (left hand)
 i - an amulet of faith
Wands
 a - a wand of acid (10)
Scrolls
 e - a scroll of enchant weapon {unknown}
 f - a scroll of amnesia {unknown}
Potions
 b - a potion of magic
 d - a potion of enlightenment
 l - a potion of attraction
 o - 2 potions of brilliance
 H - a potion of haste


   Skills:
 - Level 2.4 Dodging
 - Level 2.4 Stealth
 + Level 6.4 Spellcasting
 + Level 6.4 Conjurations
 + Level 5.3 Hexes


You had 15 spell levels left.
You knew the following spells:

 Your Spells              Type           Power      Damage    Failure   Level
a - Magic Dart            Conj           100%       1d8       1%          1
b - Searing Ray           Conj           80%        2d7       1%          2

Your spell library contained the following spells:

 Spells                   Type           Power      Damage    Failure   Level
 Sandblast                Erth           16%        2d6       7%          1
 Shock                    Conj/Air       96%        1d9       1%          1
 Dazzling Flash           Conj/Hex       74%        N/A       1%          3
 Fulminant Prism          Conj/Hex       18%        3d11      6%          4
 Necrotise                Necr           32%        1d5       7%          1
 Scorch                   Fire           16%        2d5       11%         2
 Flame Wave               Conj/Fire      24%        2d8       19%         4
 Iskenderun's Mystic Bla  Conj/Tloc      24%        2d7       19%         4
 Swiftness                Air            8%         N/A       22%         3
 Vampiric Draining        Necr           8%         2d6       22%         3
 Airstrike                Air            4%         2d(1-17)  56%         4
 Agony                    Necr           8%         N/A       89%         5
 Summon Cactus Giant      Summ           4%         N/A       100%        6


Dungeon Overview and Level Annotations

Branches:
Dungeon (4/15)
 Temple: D:4-7

Altars:
Vehumet
Xom
The Shining One

Annotations:
D:4 Dowan, Duvessa


Message History

Aiming: Searing Ray (safe; 1% risk of failure)
Press: ? - help, Shift-Dir - straight line, f/p - scorpion
Aim: a scorpion (heavily wounded, 81% to hit)
The searing ray hits the scorpion but does no damage.
The scorpion is heavily wounded. (Press . to maintain the ray.)
The searing ray misses the scorpion.
The scorpion stings you.
You are poisoned.
The scorpion poisons you!
The searing ray hits the scorpion but does no damage.
The scorpion is heavily wounded.
You feel very sick. The scorpion stings you.
The searing ray hits the scorpion.
The scorpion is heavily wounded.
You finish channelling your searing ray.
You feel sick. The scorpion barely misses you.
Casting: Searing Ray (safe; 1% risk of failure)
Confirm with . or Enter, or press ? or * to list all spells.
Aiming: Searing Ray (safe; 1% risk of failure)
Press: ? - help, Shift-Dir - straight line, f/p - scorpion
Aim: a scorpion (heavily wounded, 81% to hit)
The searing ray hits the scorpion.
The scorpion is severely wounded. (Press . to maintain the ray.)
You feel sick. The scorpion stings you. The scorpion misses you.
The searing ray hits the scorpion.
The scorpion is almost dead.
You feel sick. The scorpion stings you.
You are lethally poisoned!
The scorpion poisons you!
The searing ray hits the scorpion.
You kill the scorpion!
Vehumet accepts your kill.
* * * LOW HITPOINT WARNING * * *
You feel very sick.
You have reached level 7!
You feel very buoyant.
You fly up into the air.
* * * LOW HITPOINT WARNING * * *
You feel very sick.
Unknown command.
Unknown command.
* * * LOW HITPOINT WARNING * * *
You feel sick.
* * * LOW HITPOINT WARNING * * *
You feel sick.
There is a stone staircase leading up here.
Unknown command.
You die...

#........#
##.......#
#.......#
#.......#
######.#######
+......####
##........#
#.....##.#
#..)..@# #
..#......#
........##
##.#.......#
#.##...#### #
#..### ...#
#>.# ###


There were no monsters in sight!

Vanquished Creatures
  Sigmund (D:3)
  An ogre (D:3)
  A scorpion (D:4)
  Crazy Yiuf (D:2)
  Jessica (D:3)
  An orc wizard (D:3)
  4 adders
  2 worms (D:2)
  A dart slug (D:3)
  7 orcs (D:3)
  8 endoplasms
  14 giant cockroaches
  17 goblins
  13 hobgoblins
  2 jackals (D:2)
  4 kobolds
  7 ball pythons
  4 bats
  2 frilled lizards
  3 rats
94 creatures vanquished.

Notes
Turn   | Place    | Note
-------+----------+-------------------------------------------
     0 | D:1      | Sobieck the Deep Elf Conjurer began the quest for the Orb.
     0 | D:1      | Reached XP level 1. HP: 10/10 MP: 6/6
   187 | D:1      | Reached skill level 1 in Hexes
   208 | D:1      | Reached XP level 2. HP: 15/15 MP: 6/8
   276 | D:1      | Learned a level 2 spell: Searing Ray
  1157 | D:2      | Reached XP level 3. HP: 19/19 MP: 8/10
  1535 | D:2      | Found a glowing golden altar of the Shining One.
  1974 | D:2      | Found a runed translucent door.
  1975 | D:2      | Noticed Crazy Yiuf
  1982 | D:2      | Killed Crazy Yiuf
  1983 | D:2      | Reached XP level 4. HP: 24/24 MP: 6/12
  2098 | D:3      | Noticed Sigmund
  2112 | D:3      | Killed Sigmund
  2113 | D:3      | Reached XP level 5. HP: 22/28 MP: 3/14
  2194 | D:3      | Noticed Jessica
  2196 | D:3      | Killed Jessica
  2200 | D:3      | Reached XP level 6. HP: 32/32 MP: 11/16
  2271 | D:3      | Found a shimmering altar of Xom.
  2666 | D:3      | Reached skill level 6 in Conjurations
  2759 | D:3      | Reached skill level 6 in Spellcasting
  2814 | D:3      | Found a radiant altar of Vehumet.
  2843 | D:3      | Became a worshipper of Vehumet
  2918 | D:3      | Identified the +0 ring mail of Etruh {Int+2}
  3605 | D:4      | Noticed Duvessa
  3605 | D:4      | Noticed Dowan
  3774 | D:4      | Reached * piety under Vehumet
  3774 | D:4      | Offered knowledge of Sandblast by Vehumet.
  3785 | D:4      | Reached XP level 7. HP: 7/36 MP: 3/18
  3787 | D:4      | HP: 1/36 [poisoned by a scorpion]
  3788 | D:4      | Succumbed to a scorpion's poison

Illustrated notes

Levels and vault maps discovered:
D:1:      co_arrival_square_in_a_square_in_a_square, layout_basic,
          minmay_distorted
D:2:      layout_loops_ring, basic_altar, serial_forest,
          infiniplex_forest_clump_small, infiniplex_forest_clump_medium,
          infiniplex_forest_pool, infiniplex_forest_pool,
          infiniplex_forest_corner_2, infiniplex_forest_lined_3_way,
          infiniplex_forest_end_2, infiniplex_forest_clump_small,
          uniq_crazy_yiuf_cottage
D:3:      minmay_roachtagon, layout_basic, xom_confusion_cloud,
          mainiacjoe_overflow_small_starburst, minmay_ogre_servants,
          uniq_jessica, uniq_sigmund
D:4:      layout_basic, uniq_duvessa

Skill      XL: |  1  2  3  4  5  6 |
---------------+-------------------+-----
Hexes          | 1 2 4 5 |  5.3
Spellcasting   | 4 5 6 |  6.4
Conjurations   | 5 6 |  6.4
Dodging        | |  2.4
Stealth        | |  2.4

Action                     |  1- 3 |  4- 6 |  7- 9 || total
---------------------------+-------+-------+-------++-------
  Melee: Unarmed           |     1 |       |       ||     1
  Throw: Dart              |     3 |       |       ||     3
   Cast: Magic Dart        |    65 |    97 |       ||   162
         Searing Ray       |     3 |     9 |       ||    12
    Use: Potion            |       |     2 |     1 ||     3
         Scroll            |       |     7 |       ||     7
 Armour: Robe              |     3 |     9 |       ||    12
  Dodge: Dodged            |     5 |     7 |       ||    12

Table legend: (Time is in decaauts)
 A = Elapsed time spent in this place.
 B = Non-inter-level travel time spent in this place.
 C = Inter-level travel time spent in this place.
 D = Time resting spent in this place.
 E = Time spent auto-exploring this place.
 F = Levels seen in this place.
 G = Mean time per level.
                   A        B        C        D        E       F      G
               +--------+--------+--------+--------+--------+-----+--------+
         Total |   3794 |   3655 |    139 |    309 |   2904 |   4 |  948.5 |
       Dungeon |   3794 |   3655 |    139 |    309 |   2904 |   4 |  948.5 |
               +--------+--------+--------+--------+--------+-----+--------+

Top non-repeatable levels by time:
     D:3: 1592 daAuts
     D:2: 1110 daAuts
     D:1: 946 daAuts
     D:4: 145 daAuts
